 Dungeon Crawl Stone Soup version 0.25-b1-23-ge2ad7d536c (webtiles) character file.

Game seed: 2061057454371359037, levelgen mode: deterministic

2 lepoulpe303 the Vexing (level 1, 0/12 HPs)
             Began as a Kobold Arcane Marksman on May 28, 2020.
             Slain by a rat (1 damage)
             ... on level 1 of the Dungeon.
             The game lasted 00:00:20 (36 turns).

lepoulpe303 the Vexing (Kobold Arcane Marksman)       Turns: 36, Time: 00:00:20

Health: 0/12       AC:  2    Str:  7    XL:     1   Next: 44%
Magic:  2/2        EV: 15    Int: 14    God:
Gold:   8          SH:  0    Dex: 15    Spells: 1/2 levels left

rFire    . . .     SeeInvis .   a - +0 hand crossbow
rCold    . . .     Gourm    .   (shield restricted)
rNeg     . . .     Faith    .   f - +0 robe
rPois    .         Spirit   .   (no helmet)
rElec    .         Reflect  .   (no cloak)
rCorr    .         Harm     .   (no gloves)
MR       .....                  (no boots)
Stlth    +.........             (no amulet)
HPRegen  0.04/turn              (no ring)
MPRegen  0.08/turn              (no ring)

@: no status effects
A: small, carnivore
a: no special abilities


You were on level 1 of the Dungeon.
You were not hungry.

You visited 1 branch of the dungeon, and saw 1 of its levels.

You collected 8 gold pieces.

Inventory:

Hand Weapons
 a - a +0 hand crossbow (weapon)
Missiles
 Q - 27 bolts (quivered)
Armour
 f - a +0 robe (worn)
Comestibles
 e - a ration


   Skills:
 + Level 1.1 Fighting
 * Level 2.5 Crossbows
 + Level 2.4 Dodging
 + Level 1.1 Spellcasting
 * Level 3.0 Hexes


You had one spell level left.
You knew the following spells:

 Your Spells              Type           Power        Failure   Level  Hunger
v - Corona                Hex            #......      8%          1    ##.....

Your spell library contained the following spells:

 Spells                   Type           Power        Failure   Level  Hunger
 Slow                     Hex            #.......     11%         2    ###....
 Inner Flame              Hex/Fire       #.......     38%         3    ####...
 Portal Projectile        Hex/Tloc       #.....       38%         3    ####...
 Cause Fear               Hex            #.........   58%         4    #####..
 Leda's Liquefaction      Hex/Erth       #.........   80%         4    #####..


Dungeon Overview and Level Annotations

Branches:
Dungeon (1/15)

Altars:


Innate Abilities, Weirdness & Mutations

You are small and have problems with some larger weapons.
You are carnivorous and can eat meat at any time.


Message History

* * * LOW HITPOINT WARNING * * *
The hobgoblin barely misses you.
You take 3 damage, and have 1/12 hp.
MASSIVE DAMAGE!!
Firing (i - inventory)
Q - 31 bolts (quivered)
Aim: a hobgoblin, wielding a +0 club (almost dead)
You shoot a bolt.
The bolt hits the hobgoblin but does no damage.
The hobgoblin closely misses you.
Firing (i - inventory)
Q - 30 bolts (quivered)
Aim: a hobgoblin, wielding a +0 club (almost dead)
You shoot a bolt. The bolt hits the hobgoblin.
You kill the hobgoblin!
Firing (i - inventory)
Q - 29 bolts (quivered)
Aim: a rat You shoot a bolt.
The bolt barely misses the rat.
The rat misses you.
Firing (i - inventory)
Q - 28 bolts (quivered)
Aim: a rat You shoot a bolt.
The bolt closely misses the rat.
The rat bites you.
You die...

#. ..## #(.
#..###..
..##.......
.....###.#
#........ #...###.#
.....r.#.(.##.#
.......#.#r##.#
.........#.@..#####
.....(#######.....#
..(... #####.#####
###### #.....######
###...##....
#.≈.##....
#.≈.##....
#.≈..'.(..
#.≈.##....


You could see a rat.

Levels and vault maps discovered:
D:1:      dpeg_arrival_rooms_c, layout_rooms

Notes
Turn   | Place    | Note
-------+----------+-------------------------------------------
     0 | D:1      | lepoulpe303 the Kobold Arcane Marksman began the quest for
                  | the Orb.
     0 | D:1      | Reached XP level 1. HP: 12/12 MP: 2/2
    25 | D:1      | Identified a +0 club
    31 | D:1      | HP: 1/12 [hobgoblin/+0 club (3)]
    36 | D:1      | Slain by a rat

Table legend:
 A = Turns spent in this place as a percentage of turns spent in the entire game.
 B = Non-inter-level travel turns spent in this place as a percentage of non-inter-level travel turns spent in the entire game.
 C = Inter-level travel turns spent in this place as a percentage of turns spent in this place.
 D = Turns resting spent in this place as a percentage of non-inter-level travel turns spent in this place.
 E = Turns spent auto-exploring this place as a percentage of non-inter-level travel turns spent in this place.
 F = Non-inter-level travel turns spent in this place divided by the number of levels of this place that you've seen.
                   A       B       C       D       E      F
               +-------+-------+-------+-------+-------+----------------------
         Total | 100.0 | 100.0 |   0.0 |   0.0 |  69.4 |  36.0
       Dungeon | 100.0 | 100.0 |   0.0 |   0.0 |  69.4 |  36.0
               +-------+-------+-------+-------+-------+----------------------

Table legend:
 A = Kills in this place as a percentage of kills in entire the game.
 B = Kills by you in this place as a percentage of kills by you in the entire game.
 C = Kills by friends in this place as a percentage of kills by friends in the entire game.
 D = Other kills in this place as a percentage of other kills in the entire game.
 E = Experience gained in this place as a percentage of experience gained in the entire game.
 F = Experience gained in this place divided by the number of levels of this place that you have seen.
                   A       B       C       D       E      F
               +-------+-------+-------+-------+-------+----------------------
         Total | 100.0 | 100.0 |   N/A |   N/A | 100.0 |   4.0
       Dungeon | 100.0 | 100.0 |   N/A |   N/A | 100.0 |   4.0
               +-------+-------+-------+-------+-------+----------------------

Action                   || total
-------------------------++-------
 Fire: Hand crossbow     ||     7
Dodge: Dodged            ||     3

Vanquished Creatures
  A giant cockroach (D:1)
  A hobgoblin (D:1)
2 creatures vanquished.
